 Dungeon Crawl Stone Soup version 0.29.1-12-g30fa7ad0bf (webtiles) character file.

Game seed: 3721821082559291411

9 Atlar the Magician (level 2, 22/22 HPs)
             Began as a Djinni Hedge Wizard on Jan 7, 2023.
             Was a Follower of Dithmenos.
             Got out of the dungeon alive.
             The game lasted 00:06:21 (923 turns).

Atlar the Magician (Djinni Hedge Wizard)             Turns: 923, Time: 00:06:22

Health: 22/22      AC:  2    Str:  9    XL:     2   Next: 20%
Gold:   67         EV: 12    Int: 15    God:    Dithmenos [*.....] SH:  0 Dex: 12

rFire   + + .      SeeInvis .   a - +0 dagger
rCold   x . .      Faith    .   (no shield)
rNeg    . . .      Spirit   .   b - +0 robe
rPois   ∞          Reflect  .   c - +0 hat
rElec   .          Harm     .   (no cloak)
rCorr   .          Rampage  .   (no gloves)
Will    .....                   (boots unavailable)
Stlth   ++........              (no amulet)
HPRegen 0.07/turn               (no ring)
MPRegen 0.00/turn               (no ring)

@: flying, wreathed by umbra
A: sickness immunity, fire resistance 2, cold vulnerability 1, float, innate
caster, HP casting, extra vitality 1
a: Renounce Religion


You escaped.
You worshipped Dithmenos.
Dithmenos was aware of your devotion.
You visited 1 branch of the dungeon, and saw 1 of its levels.

You collected 67 gold pieces.

Inventory:

Hand Weapons
 a - a +0 dagger (weapon)
 d - a +0 hand axe
 l - a +0 spear
Missiles
 g - 6 poisoned darts
Armour
 b - a +0 robe (worn)
 c - a +0 hat (worn)
Scrolls
 h - a scroll of enchant weapon {unknown}
 i - a scroll of teleportation {unknown}
 j - a scroll of vulnerability {unknown}
 m - a scroll of summoning {unknown}
Potions
 e - a potion of flight {unknown}
 f - a potion of haste {unknown}
 k - a potion of heal wounds {unknown}


   Skills:
 + Level 0.6 Fighting
 + Level 2.4 Dodging
 + Level 1.8 Stealth
 + Level 2.5 Spellcasting


You couldn't memorise any spells.
You knew the following spells:

 Your Spells              Type           Power      Damage    Failure   Level
a - Magic Dart            Conj           36%        1d4       8%          1
b - Blink                 Tloc           18%        N/A       12%         2
c - Call Imp              Summ           9%         N/A       12%         2
d - Slow                  Hex            36%        N/A       8%          1
e - Conjure Flame         Conj/Fire      9%         6-21      22%         3
f - Mephitic Cloud        Conj/Pois/Air  9%         N/A       22%         3
Your spell library was empty.

Dungeon Overview and Level Annotations

Branches:
Dungeon (1/15)

Altars:
Dithmenos


Innate Abilities, Weirdness & Mutations

You are immune to sickness and miasma.
You are immune to poison.
Your flesh is very heat resistant. (rF++)
You are vulnerable to cold. (rC-)
You float through the air rather than walking.
You learn spells naturally, not from books.
Your magical power is your life essence.
You have superior vitality. (+4 MHP)


Message History

Casting: Magic Dart (safe; 8% risk of failure)
Confirm with . or Enter, or press ? or * to list all spells.
Aiming: Magic Dart (safe; 8% risk of failure)
Press: ? - help, Shift-Dir - straight line, f/p - bat
Aim: a bat (severely wounded, 100% to hit)
The magic dart hits the bat.
You kill the bat!
You start resting.
HP restored.
i - a scroll labelled OTACAV FUUPECO
j - a scroll labelled RETZID KUVY
k - a grey potion
Found a spear.
You reach down and open the door.
Found a faded altar of an unknown god.
You see here a +0 spear.
l - a +0 spear
There is an open door here.
Found a short sword.
Saving game... please wait.
Welcome back, Atlar the Djinni Hedge Wizard.
Press ? for a list of commands and other information.
There is an open door here.
There is an open door here.
Found a scroll labelled BUFAMY BAGAL.
There is a faded altar of an unknown god here.
You cannot tell which god this altar belongs to.
Convert to them anyway?
Dithmenos accepts your prayer! Dithmenos welcomes you!
You are shrouded in an aura of darkness!
m - a scroll labelled BUFAMY BAGAL You see here a +0 short sword.
Unknown command.
There is an open door here.
There is an open door here.
There is an open door here.
There is an open door here.
There is a staircase leading out of the dungeon here.
Are you sure you want to leave the Dungeon?
This will make you lose the game!
You have escaped!

## #.##............# ##.. #
#.#..#########..# ##'
#...## ##..# #. #..##
####### ##..# #. # #.##
##.....##.##.# ##.
########.# ##.#####.##.#.#
##.. .#.......#
#.#'...##.#.#.# #...
##.###...# #.#.'##.#.#.#
###... ##.# ##..#
#.#≈#@#.#.'.#.###..... ##.#
##.# #.#.###.#.#.#.......#.
...#
##.#.#.##...##.#.#.###.###.
#### #..#.##.#####.##.# #
#.# #.
##..##.##..≈..##.##.#
#.###.
#####....##.#######.#...#
#.....
#.........##.......##...#
#####.
#.######...##.######....##
##.
#.######.#...............#
#..


There were no monsters in sight!

Vanquished Creatures
  2 ball pythons (D:1)
  2 bats (D:1)
  2 endoplasms (D:1)
  A quokka (D:1)
7 creatures vanquished.

Notes
Turn   | Place    | Note
-------+----------+-------------------------------------------
     0 | D:1      | Atlar the Djinni Hedge Wizard began the quest for the Orb.
     0 | D:1      | Atlar set off with the following spells memorised: Magic
                  | Dart, Blink, Call Imp, Slow, Conjure Flame, Mephitic Cloud.
     0 | D:1      | Reached XP level 1. HP: 15/15 MP: 0/0
   422 | D:1      | Reached XP level 2. HP: 17/22 MP: 0/0
   821 | D:1      | Found a faded altar of an unknown god.
   839 | D:1      | Prayed at the altar of an unknown god.
   839 | D:1      | Became a worshipper of Dithmenos the Shadowed
   839 | D:1      | Reached * piety under Dithmenos
   923 | D:$      | Got out of the dungeon alive.

Illustrated notes

Levels and vault maps discovered:
D:1:      evilmike_arrival_rings, layout_loops_corners,
          shapermc_ecumenical_altar_notcrosses, chequers_serial_rivers_micro_b

Action                   || total
-------------------------++-------
Melee: Dagger            ||     1
 Cast: Magic Dart        ||    22
Armor: Robe              ||     1
Dodge: Dodged            ||     4
